 Dungeon Crawl Stone Soup version 0.24-a0-11-g46ee55f (webtiles) character file.

Game seed: 383910028226261985

371 Dantiko the Shooter (level 6, -2/52 HPs)
             Began as a Naga Hunter on Feb 1, 2019.
             Slain by an orc warrior
             ... wielding a +0 flail
              (9 damage)
             ... on level 6 of the Dungeon.
             The game lasted 00:18:48 (2899 turns).

Dantiko the Shooter (Naga Hunter)                   Turns: 2899, Time: 00:18:48

Health: -2/52      AC:  6    Str: 16    XL:     6   Next: 70%
Magic:  6/6        EV:  9    Int: 11    God:
Gold:   153        SH:  0    Dex: 12    Spells: 5/5 levels left

rFire    . . .     SeeInvis +   b - +0 rapier
rCold    . . .     Gourm    .   (no shield)
rNeg     . . .     Faith    .   j - +0 ring mail
rPois    +         Spirit   .   (no helmet)
rElec    .         Reflect  .   l - +1 cloak
rCorr    .         Harm     .   (no gloves)
MR       .....                  (no barding)
Stlth    +.........             e - amulet of regeneration
HPRegen  0.57/turn              (no ring)
MPRegen  0.10/turn              (no ring)

@: very slow
A: large, see invisible, deformed body, poison resistance, slowness 2, slow
metabolism 1, spit poison 1, AC +2
a: Spit Poison


You were on level 6 of the Dungeon.
You were not hungry.

You visited 1 branch of the dungeon, and saw 5 of its levels.

You collected 153 gold pieces.

Inventory:

Hand Weapons
 a - a +2 shortbow
 b - a +0 rapier (weapon)
Missiles
 d - 57 arrows
Armour
 j - a +0 ring mail (worn)
 l - a +1 cloak (worn)
Jewellery
 e - an amulet of regeneration (around neck)
 t - an uncursed ring of ice
Wands
 q - a wand of polymorph (7)
Scrolls
 h - 2 scrolls of enchant weapon
 m - 3 scrolls of teleportation
 p - a scroll of random uselessness {unknown}
 r - 3 scrolls of remove curse
 s - 2 scrolls of fog {unknown}
Potions
 c - a potion of agility {unknown}
 g - a potion of heal wounds {unknown}
 i - 2 potions of curing {unknown}
 k - 2 potions of brilliance {unknown}
 o - 2 potions of lignification {unknown}
 u - a potion of berserk rage {unknown}
Comestibles
 f - 8 rations
 n - 2 chunks of flesh


   Skills:
 - Level 2.0 Fighting
 * Level 4.8 Short Blades
 - Level 5.4 Bows
 - Level 1.5 Dodging
 - Level 1.5 Stealth


You had 5 spell levels left.
You didn't know any spells.
Your spell library contained the following spells:

 Spells                   Type           Power        Failure   Level  Hunger
 Magic Dart               Conj           #...         56%         1    ##.....
 Blink                    Tloc           N/A          71%         2    ###....
 Call Imp                 Summ           #.......     71%         2    ###....
 Slow                     Hex            #.......     71%         2    ###....
 Conjure Flame            Conj/Fire      #.......     90%         3    ####...
 Mephitic Cloud           Conj/Pois/Air  #.......     90%         3    ####...


Dungeon Overview and Level Annotations

Branches:
Dungeon (4/15)
 Temple: D:4-7

Altars:
Yredelemnul
The Shining One


Innate Abilities, Weirdness & Mutations

You cannot wear boots.
Your serpentine skin is tough. (AC +2)
You have supernaturally acute eyesight. (SInv)
Armour fits poorly on your strangely shaped body.
Your system is resistant to poisons. (rPois)
You cover ground very slowly.
You have a slow metabolism.
You can spit poison.


Message History

You barely miss the orc warrior.
The orc warrior hits you with a +0 flail.
* * * LOW HITPOINT WARNING * * *
Okay, then.
You barely miss the orc warrior. The orc warrior barely misses you.
You hit the orc warrior.
The orc warrior is lightly wounded.
The orc warrior hits you with a +0 flail.
* * * LOW HITPOINT WARNING * * *
You barely miss the orc warrior.
The orc warrior is lightly wounded.
You have got your breath back.
The orc warrior hits you with a +0 flail.
* * * LOW HITPOINT WARNING * * *
You hit the orc warrior but do no damage.
The orc warrior is lightly wounded.
You closely miss the orc warrior.
The orc warrior is lightly wounded.
The orc warrior hits you with a +0 flail!
You die...

##.######
##.......#
........#
#.......#
#.......###
#..........
#.......##
###...### ##@##
#o# #a#
.$....ohZ.....#
#.....5o..###..
....###...# ...
..... .. .(..##
# .(..#


You could see an orc warrior, a howler monkey, a worker ant, an orc priest, a
crimson imp, an orc and a worker ant zombie.

Vanquished Creatures
  A water moccasin (D:6)
  An orc wizard (D:3)
  A bullfrog skeleton (D:6)
  Terence (D:1)
  5 adders
  3 gnolls (D:6)
  A shadow imp (D:4)
  2 oozes
  2 worms
  2 dart slugs
  6 leopard geckos
  5 orcs
  5 bats
  6 giant cockroaches
  6 goblins
  12 hobgoblins
  3 jackals (D:1)
  7 kobolds
  4 frilled lizards
  9 rats
82 creatures vanquished.

Notes
Turn   | Place    | Note
-------+----------+-------------------------------------------
     0 | D:1      | Dantiko the Naga Hunter began the quest for the Orb.
     0 | D:1      | Reached XP level 1. HP: 19/19 MP: 1/1
    89 | D:1      | Reached skill level 4 in Bows
    89 | D:1      | Reached XP level 2. HP: 14/26 MP: 2/2
   727 | D:1      | Reached XP level 3. HP: 30/32 MP: 3/3
  1006 | D:2      | Noticed Terence
  1432 | D:2      | Reached skill level 5 in Bows
  1432 | D:2      | Reached XP level 4. HP: 28/39 MP: 4/4
  1634 | D:2      | Found a basalt altar of Yredelemnul.
  1925 | D:1      | Killed Terence
  1925 | D:1      | Reached skill level 1 in Short Blades
  1925 | D:1      | Reached XP level 5. HP: 45/45 MP: 5/5
  2281 | D:3      | Found a glowing golden altar of the Shining One.
  2849 | D:4      | You fall through a shaft for 2 floors!
  2858 | D:6      | Noticed a water moccasin
  2865 | D:6      | Reached XP level 6. HP: 47/52 MP: 6/6
  2868 | D:6      | Noticed an orc warrior
  2884 | D:6      | Killed a water moccasin
  2899 | D:6      | Slain by an orc warrior

Vault maps used:
D:1:      onia_arrival_pyramid
D:2:      chequers_decorated_corner, grunt_ministairs_3,
          yredelemnul_altar_generic, uniq_terence
D:3:      overflow_temple_1_default
D:4:      kennysheep_ying_yang, gammafunk_temple_overflow_claw, first_ration
D:6:      serial_shops, shop, serial_glass, glass_columns_b, glass_columns_a,
          uniq_duvessa, uniq_crazy_yiuf_cottage

Skill      XL: |  1  2  3  4  5  6 |
---------------+-------------------+-----
Bows           | 4 5 |  5.4
Short Blades   | 1 3 4 |  4.8
Fighting       | |  2.0
Dodging        | |  1.5
Stealth        | |  1.5

Action                   |  1- 3 |  4- 6 || total
-------------------------+-------+-------++-------
Melee: Short sword       |    12 |    92 ||   104
       Rapier            |       |    19 ||    19
 Fire: Shortbow          |   101 |    93 ||   194
 Abil: Spit Poison       |     1 |     4 ||     5
  Use: Scroll            |     5 |     2 ||     7
  Eat: Chunk             |       |     5 ||     5
Armor: Ring mail         |    24 |    47 ||    71
Dodge: Dodged            |    32 |    64 ||    96

Table legend:
 A = Non-vault XP
 B = Vault XP
 C = Vault XP percentage of total XP
 D = Non-vault monster count
 E = Vault monster count
 F = Vault count percentage of total count
                 A         B        C        D         E       F
            +---------+---------+-------+---------+---------+-------
      Total |     483 |      47 |   8.9 |      79 |       3 |   3.7
            +---------+---------+-------+---------+---------+-------
        D:1 |      63 |      32 |  33.7 |      33 |       1 |   2.9
        D:2 |      62 |      15 |  19.5 |      18 |       2 |  10.0
        D:3 |     113 |       0 |   0.0 |      20 |       0 |   0.0
        D:4 |      16 |       0 |   0.0 |       3 |       0 |   0.0
        D:6 |     229 |       0 |   0.0 |       5 |       0 |   0.0
            +---------+---------+-------+---------+---------+-------
